 Dungeon Crawl Stone Soup version 0.29-a0-392-g297d3b089c (webtiles) character file.

Game seed: 806653357158363074

21 holysushi the Skirmisher (level 2, -3/26 HPs)
             Began as an Ogre Chaos Knight on May 8, 2022.
             Was a Plaything of Xom.
             Slain by Natasha (4 damage)
             ... on level 2 of the Dungeon.
             The game lasted 00:00:30 (795 turns).

holysushi the Skirmisher (Ogre Chaos Knight)         Turns: 795, Time: 00:00:31

Health: -3/26      AC:  5    Str: 15    XL:     2   Next: 87%
Magic:  2/2        EV:  9    Int: 13    God:    Xom [..*...]
Gold:   42         SH:  0    Dex:  6    Spells: 1/1 levels left

rFire   . . .      SeeInvis +   a - +0 mace (chaos)
rCold   . . .      Faith    .   (no shield)
rNeg    . . .      Spirit   .   b - +2 robe
rPois   .          Reflect  .   (helmet restricted)
rElec   .          Harm     .   (no cloak)
rCorr   .          Rampage  .   (gloves unavailable)
Will    .....                   (boots unavailable)
Stlth   +++.......              (no amulet)
HPRegen 0.08/turn               (no ring)
MPRegen 0.08/turn               (no ring)

@: especially stealthy
A: large, unfitting armour, tough skin 1, see invisible, clumsy 1, frail 2,
screaming 1
a: Renounce Religion


You were on level 2 of the Dungeon.
You worshipped Xom.
You were a toy of Xom.
You visited 1 branch of the dungeon, and saw 2 of its levels.

You collected 42 gold pieces.

Inventory:

Hand Weapons
 a - a +0 mace of chaos (weapon)
Armour
 b - a +2 robe (worn)
Potions
 e - 3 potions of brilliance {unknown}
Miscellaneous
 c - a piece from Xom's chessboard (15/15) (quivered)


   Skills:
 + Level 4.4 Fighting
 * Level 3.3 Maces & Flails
 - Level 2.1 Dodging


You had one spell level left.
You didn't know any spells.
Your spell library was empty.

Dungeon Overview and Level Annotations

Branches:
Dungeon (2/15)

Altars:

Annotations:
D:2 Natasha


Innate Abilities, Weirdness & Mutations

You are too large for most types of armour.
You have tough skin. (AC +1)
You have supernaturally acute eyesight. (SInv)
You are clumsy. (Dex -2)
You are very frail. (-20% HP)
You occasionally shout uncontrollably at your foes.


Message History

You feel stealthy.
Found a stone staircase leading up.
There is a stone staircase leading up here.
Natasha, Servant of Life and Death comes into view.
Natasha is nearby!
Natasha is nearby!
Natasha is nearby!
The helpless Natasha fails to defend herself.
You hit Natasha. You burn Natasha.
Natasha is moderately wounded.
Natasha closely misses you.
You closely miss Natasha. You punch Natasha, but do no damage.
Natasha is moderately wounded.
Natasha closely misses you.
You hit Natasha. You freeze Natasha.
Natasha is heavily wounded.
Natasha claws you. x2
You barely miss Natasha.
Natasha is heavily wounded.
Natasha barely misses you.
You closely miss Natasha. Your punch misses Natasha.
Natasha is heavily wounded.
Natasha claws you but does no damage.
You hit Natasha but do no damage.
Natasha is heavily wounded.
Natasha stares at you and mumbles some strange words.
The magic dart hits you!
You hit Natasha but do no damage.
Natasha is heavily wounded.
Natasha claws you.
* * * LOW HITPOINT WARNING * * *
Natasha claws you but does no damage.
You are too injured to fight recklessly!
You hit Natasha. You freeze Natasha.
Natasha is almost dead.
Natasha claws you.
* * * LOW HITPOINT WARNING * * *
You miss Natasha.
Natasha is almost dead.
Natasha claws you.
You die...

####### ##
#.....# #.#
#.###.####.#
#.# #.....##
#.###.####@#
#.<...#
##h...#
###.###
.....# #.#
#...## #.#
#.## #.# .#
#.# # ...
.#.


You could see Natasha.

Vanquished Creatures
  A dart slug (D:1)
  An endoplasm (D:1)
  2 hobgoblins (D:1)
  A quokka (D:1)
  2 ball pythons (D:1)
  3 bats (D:1)
  4 frilled lizards (D:1)
  3 goblins (D:1)
  A kobold (D:1)
  A rat (D:1)
19 creatures vanquished.

Vanquished Creatures (collateral kills)
  A dart slug (D:1)
1 creature vanquished.

Grand Total: 20 creatures vanquished

Notes
Turn   | Place    | Note
-------+----------+-------------------------------------------
     0 | D:1      | holysushi the Ogre Chaos Knight began the quest for the
                  | Orb.
     0 | D:1      | Reached XP level 1. HP: 24/24 MP: 1/1
   112 | D:1      | XOM: silly message
   146 | D:1      | XOM: give mutations
   146 | D:1      | Gained mutation: You have supernaturally acute eyesight.
                  | (SInv) [Xom's mischief]
   146 | D:1      | Gained mutation: You are frail. (-10% HP) [Xom's mischief]
   146 | D:1      | Gained mutation: You occasionally shout uncontrollably at
                  | your foes. [Xom's mischief]
   146 | D:1      | Lost mutation: You occasionally shout uncontrollably at
                  | your foes. [Xom's mischief]
   200 | D:1      | Reached XP level 2. HP: 22/28 MP: 2/2
   445 | D:1      | XOM: summons friendly white imp
   692 | D:1      | XOM: give mutations
   692 | D:1      | Gained mutation: You are very frail. (-20% HP) [Xom's
                  | mischief]
   692 | D:1      | Gained mutation: You occasionally shout uncontrollably at
                  | your foes. [Xom's mischief]
   692 | D:1      | Gained mutation: You are clumsy. (Dex -2) [Xom's mischief]
   764 | D:2      | XOM: stealth player
   784 | D:2      | Noticed Natasha
   794 | D:2      | HP: 1/26 [Natasha (6)]
   795 | D:2      | Slain by Natasha

Illustrated notes

Levels and vault maps discovered:
D:1:      enne_arrival_octagon_isle, layout_rooms, roderic_roman_lattice,
          minmay_hexomino_f4
D:2:      layout_loops_corners, serial_shops, nicolae_shop_trees,
          chequers_arboretum, skrybe_limestone_x, grunt_decor_fettered,
          lexackson_kobold_supper, uniq_natasha

Skill      XL: |  1 |
---------------+----+-----
Maces & Flails | 3 |  3.3
Fighting       | |  4.4
Dodging        | |  2.1

Action                   || total
-------------------------++-------
Melee: Mace              ||    53
       Punch             ||     1
  Use: Scroll            ||     2
 Stab: Sleeping          ||     1
Armor: Robe              ||    26
Dodge: Dodged            ||    29

Table legend: (Time is in decaauts)
 A = Elapsed time spent in this place.
 B = Non-inter-level travel time spent in this place.
 C = Inter-level travel time spent in this place.
 D = Time resting spent in this place.
 E = Time spent auto-exploring this place.
 F = Levels seen in this place.
 G = Mean time per level.
                   A        B        C        D        E       F      G
               +--------+--------+--------+--------+--------+-----+--------+
         Total |    808 |    784 |     24 |     60 |    576 |   2 |  404.0 |
       Dungeon |    808 |    784 |     24 |     60 |    576 |   2 |  404.0 |
               +--------+--------+--------+--------+--------+-----+--------+

Top non-repeatable levels by time:
     D:1: 775 daAuts
     D:2: 32 daAuts
